Carnivores vs Monarchs
(R1)
Created - 1 octobre 2014 at 23:09
Goals
|
Carnivores |
2 |
2 |
1 |
5 |
Monarchs |
0 |
2 |
2 |
4 |
|
Shots
|
Carnivores |
15 |
10 |
7 |
32 |
Monarchs |
16 |
7 |
10 |
33 |
|
1st period
1. Carnivores , Tim Conboy 5 (Billy Sweat) at 8:51
2. Carnivores , Tim Conboy 6 (Evgeny Grachev) at 12:07 (PP)
Penalties :
Matt Duchene (MAN) for Roughing (Minor) at 12:02, Slava Voynov (MAN) for High sticking (Minor) at 15:55
2nd period
3. Monarchs , Peter Schaefer 2 (Matt Duchene, James Wisniewski) at 1:06
4. Carnivores , Anton Gustafsson 2 (Chris Lawrence, Chris Butler) at 13:40
5. Monarchs , Brian Gionta 7 (Justin Schultz) at 13:54
6. Carnivores , Jeremy Welsh 3 (Chris Lawrence, Anton Gustafsson) at 15:47
Penalties :
Evgeny Grachev (Bre) for Holding (Minor) at 1:11, Peter Schaefer (MAN) for High sticking (Minor) at 9:03
3rd period
7. Monarchs , Trevor Lewis 1 (Dwight King, Patrick Davis) at 6:06
8. Monarchs , Kyle Okposo 4 (Matt Duchene) at 6:28 (PP)
9. Carnivores , Jeremy Welsh 4 (Colton Orr, Oliver Ekman-Larsson) at 10:20 (PP)
Penalties :
Brock Trotter (MAN) for Roughing (Minor) at 3:32, Oliver Ekman-Larsson (Bre) for Hooking (Minor) at 6:19, Justin Schultz (MAN) for Interference (Minor) at 6:48, Matt Martin (MAN) for Hooking (Minor) at 9:46, Oliver Ekman-Larsson (Bre) for Roughing (Minor) at 10:34, Chris Lawrence (Bre) for High sticking (Minor) at 13:58, Andrew Ference (Bre) for Hooking (Minor) at 17:58, Slava Voynov (MAN) for Hooking (Minor) at 19:35
Goalie Stats
Corey Crawford (Bre), 29 saves from 33 shots - (0,879), W, 3-1-0, 60:00 minutes
Sergei Bobrovsky (MAN), 19 saves from 23 shots - (0,826), 35:47 minutes
Peter Budaj (MAN), 8 saves from 9 shots - (0,889), L, 1-1-0, 24:13 minutes
Players Stats for Carnivores
Player Name G A P +/- PIM S H SB GA TA FO MP PP MP PK MP
------------------------------------------------------------------------------------
Andrew Ference 0 0 0 -1 2 1 1 1 0 2 0/0 25:27 5:28 3:22
Anton Gustafsson 1 1 2 2 0 4 1 1 0 1 2/9 16:11 3:21 0:00
Anton Lander 0 0 0 -1 0 4 0 0 0 0 1/4 9:42 0:01 0:42
Billy Sweat 0 1 1 -1 0 2 3 0 0 0 1/2 20:06 5:15 0:45
Bobby Sanguinetti 0 0 0 -1 0 0 0 0 0 0 0/0 18:09 3:07 3:09
Chris Butler 0 1 1 3 0 0 0 1 0 0 0/0 11:55 0:00 2:14
Chris Lawrence 0 2 2 2 2 4 1 0 3 0 0/0 14:18 0:00 1:29
Christopher DiDomenico 0 0 0 0 0 0 0 0 0 0 0/0 7:23 0:00 0:00
Colton Orr 0 1 1 -1 0 2 1 0 0 1 0/0 16:36 3:22 4:08
David Schlemko 0 0 0 -1 0 0 0 0 0 0 0/0 5:47 0:00 0:41
Evgeny Grachev 0 1 1 -1 2 2 1 0 1 0 19/41 20:50 5:15 1:30
Ian Schultz 0 0 0 0 0 0 1 0 0 0 0/0 7:23 0:00 0:00
Jeremy Welsh 2 0 2 2 0 5 2 0 0 0 0/1 16:11 3:21 0:00
Jordie Benn 0 0 0 -1 0 0 0 0 0 0 0/0 4:35 0:00 0:00
Lane MacDermid 0 0 0 -1 0 0 3 0 0 0 2/2 11:12 0:00 2:41
Oliver Ekman-Larsson 0 1 1 -1 4 1 3 4 0 1 0/0 25:29 5:30 2:50
Patrick McNeill 0 0 0 3 0 0 0 1 0 0 0/0 10:37 0:02 0:01
Phil Oreskovic 0 0 0 -1 0 2 0 0 0 1 0/0 18:09 3:07 3:09
Tim Conboy 2 0 2 -1 0 4 2 1 1 0 5/9 23:41 5:15 4:11
Zack Smith 0 0 0 0 0 1 1 0 0 0 1/3 8:09 0:01 0:00
Players Stats for Monarchs
Player Name G A P +/- PIM S H SB GA TA FO MP PP MP PK MP
------------------------------------------------------------------------------------
Alec Martinez 0 0 0 -1 0 0 1 0 0 0 0/0 8:54 0:00 0:00
Brian Gionta 1 0 1 -1 0 5 3 0 2 0 0/0 17:12 3:59 0:59
Brian Pothier 0 0 0 -1 0 3 2 2 2 1 0/0 27:13 4:25 5:41
Brock Trotter 0 0 0 0 2 2 0 0 0 0 1/1 12:00 0:21 0:53
David Clarkson 0 0 0 0 0 3 0 0 1 0 1/1 5:29 3:23 1:46
Dwight King 0 1 1 1 0 2 2 0 0 0 1/1 8:54 0:21 0:47
Frederic St-Denis 0 0 0 1 0 0 1 0 0 1 0/0 8:36 0:00 2:56
James Wisniewski 0 1 1 1 0 1 1 0 1 0 0/0 18:18 0:00 5:41
John Moore 0 0 0 1 0 0 0 1 0 1 0/0 15:17 3:18 0:00
Justin Schultz 0 1 1 -1 2 1 1 0 0 0 0/0 21:09 4:25 0:00
Kyle Okposo 1 0 1 0 0 2 1 0 0 0 0/1 17:37 3:59 0:00
Kyle Wharton 0 0 0 1 0 1 0 0 0 1 0/0 8:36 0:00 2:56
Marc-André Bernier 0 0 0 0 0 0 1 0 0 0 0/0 9:31 0:00 0:00
Matt Duchene 0 2 2 0 2 3 2 0 0 0 21/32 18:15 3:59 0:48
Matt Martin 0 0 0 -1 2 1 3 1 0 0 0/1 15:21 3:23 0:00
Patrick Davis 0 1 1 1 0 0 0 0 0 1 0/0 8:07 0:21 0:00
Peter Schaefer 1 0 1 0 2 5 2 1 0 0 0/1 22:06 3:23 4:39
Randy Robitaille 0 0 0 -1 0 2 1 3 0 0 11/23 18:10 0:00 5:36
Slava Voynov 0 0 0 -1 4 0 0 0 0 0 0/0 12:14 3:17 0:00
Tommy Wingels 0 0 0 0 0 1 2 0 0 0 3/7 11:35 0:00 1:46
Trevor Lewis 1 0 1 1 0 1 0 0 0 0 2/3 6:20 0:00 0:00
3 Stars
1 - Jeremy Welsh (Bre)
2 - Anton Gustafsson (Bre)
3 - Tim Conboy (Bre)
Power Play
Carnivores - 2 on 7 Attempt(s) - 28,57%
Monarchs - 1 on 5 Attempt(s) - 20,00%
Penalty Kill
Carnivores - 4 on 5 Attempt(s) - 80,00%
- Score 0 goal in Penalty Kill
Monarchs - 5 on 7 Attempt(s) - 71,43%
- Score 0 goal in Penalty Kill
Official
Referees : Walsh Ian and Devorski Paul
Linesman : Derek Nansen and Shane Heyer
Game Notes
Peter Budaj enters game at 15:47 of 2nd period
Finance
Level 1 -- Attendance: 1498 (74,90%) -- Ticket Income 52 430 $
Level 2 -- Attendance: 802 (80,20%) -- Ticket Income 12 030 $
Total Attendance: 2300 (76,67%)
Total Ticket Income: 64 460 $
Other Income: 3 223 $
Total Income: 67 683 $
Carnivores
5 vs 5 Forward
Center Left Wing Right Wing Time % Phy DF OF
1 Evgeny Grachev Billy Sweat Tim Conboy 40 1 2 2
2 Anton Gustafsson Jeremy Welsh Chris Lawrence 30 1 2 2
3 Anton Lander Lane MacDermid Colton Orr 20 1 2 2
4 Zack Smith Christopher DiDomenico Ian Schultz 10 1 2 2
5 vs 5 Defense
Defense Defense Time % Phy DF OF
1 Andrew Ference Oliver Ekman-Larsson 40 1 2 2
2 Phil Oreskovic Bobby Sanguinetti 30 1 2 2
3 Patrick McNeill Chris Butler 20 1 2 2
4 David Schlemko Jordie Benn 10 1 2 2
PowerPlay Forward
Center Left Wing Right Wing Time % Phy DF OF
1 Evgeny Grachev Billy Sweat Tim Conboy 60 1 2 2
2 Anton Gustafsson Jeremy Welsh Colton Orr 40 1 2 2
PowerPlay Defense
Defense Defense Time % Phy DF OF
1 Andrew Ference Oliver Ekman-Larsson 60 1 2 2
2 Phil Oreskovic Bobby Sanguinetti 40 1 2 2
Penalty Kill 4 Players Forward
Center Wing Time % Phy DF OF
1 Tim Conboy Colton Orr 60 1 2 2
2 Chris Lawrence Evgeny Grachev 40 1 2 2
Penalty Kill 4 Players Defense
Defense Defense Time % Phy DF OF
1 Andrew Ference Oliver Ekman-Larsson 60 1 2 2
2 Phil Oreskovic Bobby Sanguinetti 40 1 2 2
Penalty Kill - 3 Players Forward
Forward Time % Phy DF OF
1 Tim Conboy 60 1 2 2
2 Colton Orr 40 1 2 2
Penalty Kill - 3 Players Defense
Defense Defense Time % Phy DF OF
1 Andrew Ference Oliver Ekman-Larsson 60 1 2 2
2 Phil Oreskovic Bobby Sanguinetti 40 1 2 2
4 vs 4 Forward
Center Wing Time % Phy DF OF
1 Tim Conboy Colton Orr 60 1 2 2
2 Chris Lawrence Evgeny Grachev 40 1 2 2
4 vs 4 Defense
Defense Defense Time % Phy DF OF
1 Andrew Ference Oliver Ekman-Larsson 60 1 2 2
2 Phil Oreskovic Bobby Sanguinetti 40 1 2 2
Last Minutes Offensive
Center Left Wing Right Wing Defense Defense
Evgeny Grachev Billy Sweat Tim Conboy Andrew Ference Oliver Ekman-Larsson
Last Minutes Defensive
Center Left Wing Right Wing Defense Defense
Evgeny Grachev Billy Sweat Tim Conboy Andrew Ference Oliver Ekman-Larsson
Goaltenders
Starting : Corey Crawford
Backup : Antti Raanta
Extra Forwards
Normal : Zack Smith, Anton Lander, Lane MacDermid - PP : Zack Smith, Anton Lander - PK : Lane MacDermid
Extra Defensemen
Normal : Patrick McNeill, Chris Butler, David Schlemko - PP : Patrick McNeill - PK : Chris Butler, David Schlemko
Penalty Shots
Tim Conboy, Colton Orr, Chris Lawrence, Evgeny Grachev, Billy Sweat
Monarchs
5 vs 5 Forward
Center Left Wing Right Wing Time % Phy DF OF
1 Matt Duchene Peter Schaefer Kyle Okposo 40 0 1 4
2 Randy Robitaille Matt Martin Brian Gionta 30 3 1 1
3 Tommy Wingels Brock Trotter Marc-André Bernier 20 3 1 1
4 Trevor Lewis Dwight King Patrick Davis 10 1 3 1
5 vs 5 Defense
Defense Defense Time % Phy DF OF
1 Brian Pothier Justin Schultz 40 0 2 3
2 John Moore James Wisniewski 30 0 3 2
3 Alec Martinez Slava Voynov 20 0 3 2
4 Kyle Wharton Frederic St-Denis 10 0 4 1
PowerPlay Forward
Center Left Wing Right Wing Time % Phy DF OF
1 Matt Duchene Brian Gionta Kyle Okposo 60 0 1 4
2 Peter Schaefer Matt Martin David Clarkson 40 1 1 3
PowerPlay Defense
Defense Defense Time % Phy DF OF
1 Brian Pothier Justin Schultz 60 0 2 3
2 John Moore Slava Voynov 40 0 3 2
Penalty Kill 4 Players Forward
Center Wing Time % Phy DF OF
1 Randy Robitaille Peter Schaefer 60 1 4 0
2 Tommy Wingels David Clarkson 40 1 4 0
Penalty Kill 4 Players Defense
Defense Defense Time % Phy DF OF
1 Brian Pothier James Wisniewski 60 1 4 0
2 Frederic St-Denis Kyle Wharton 40 1 4 0
Penalty Kill - 3 Players Forward
Forward Time % Phy DF OF
1 Randy Robitaille 60 1 2 2
2 Peter Schaefer 40 1 2 2
Penalty Kill - 3 Players Defense
Defense Defense Time % Phy DF OF
1 Brian Pothier James Wisniewski 60 1 4 0
2 Frederic St-Denis Kyle Wharton 40 1 4 0
4 vs 4 Forward
Center Wing Time % Phy DF OF
1 Randy Robitaille Brian Gionta 60 1 2 2
2 Kyle Okposo Peter Schaefer 40 1 2 2
4 vs 4 Defense
Defense Defense Time % Phy DF OF
1 James Wisniewski Brian Pothier 60 0 3 2
2 Alec Martinez Kyle Wharton 40 0 3 2
Last Minutes Offensive
Center Left Wing Right Wing Defense Defense
Matt Duchene Peter Schaefer Brian Gionta Brian Pothier Justin Schultz
Last Minutes Defensive
Center Left Wing Right Wing Defense Defense
Randy Robitaille Peter Schaefer Brian Gionta Brian Pothier John Moore
Goaltenders
Starting : Sergei Bobrovsky
Backup : Peter Budaj
Extra Forwards
Normal : Kyle Okposo, Randy Robitaille, Brian Gionta - PP : David Clarkson, Dwight King - PK : Brian Gionta
Extra Defensemen
Normal : Justin Schultz, John Moore, Slava Voynov - PP : Alec Martinez - PK : Alec Martinez, John Moore
Penalty Shots
Brian Gionta, Tommy Wingels, Peter Schaefer, David Clarkson, Marc-André Bernier
% Time on Ice - Carnivores
Lines # - Real PCT - Wanted PCT - Time Play
Normal Forward
1 - 34% - 40% - 14:56
2 - 30% - 30% - 13:07
3 - 18% - 20% - 7:52
4 - 17% - 10% - 7:23
Normal Defense
1 - 40% - 40% - 17:09
2 - 27% - 30% - 11:53
3 - 22% - 20% - 9:41
4 - 11% - 10% - 4:35
PP Forward
1 - 61% - 60% - 5:15
2 - 39% - 40% - 3:22
PP Defense
1 - 64% - 60% - 5:30
2 - 36% - 40% - 3:07
PK Forward
1 - 71% - 60% - 5:30
2 - 29% - 40% - 2:13
PK Defense
1 - 59% - 60% - 4:34
2 - 41% - 40% - 3:09
PK3 Forward
1 - 0% - 60%
2 - 0% - 40%
PK3 Defense
1 - 0% - 60%
2 - 0% - 40%
44 Forward
1 - 100% - 60% - 0:22
2 - 0% - 40% - 0:00
44 Defense
1 - 100% - 60% - 0:22
2 - 0% - 40% - 0:00
Last Minute Offensive - 0:00
Last Minute Defensive - 0:00
Total
Forward - 60:00
Defense - 60:00
|
% Time on Ice - Monarchs
Lines # - Real PCT - Wanted PCT - Time Play
Normal Forward
1 - 35% - 40% - 15:15
2 - 28% - 30% - 12:12
3 - 22% - 20% - 9:31
4 - 15% - 10% - 6:20
Normal Defense
1 - 39% - 40% - 16:45
2 - 28% - 30% - 12:19
3 - 21% - 20% - 8:54
4 - 12% - 10% - 5:20
PP Forward
1 - 56% - 60% - 4:20
2 - 44% - 40% - 3:23
PP Defense
1 - 57% - 60% - 4:25
2 - 43% - 40% - 3:18
PK Forward
1 - 79% - 60% - 6:51
2 - 21% - 40% - 1:46
PK Defense
1 - 66% - 60% - 5:41
2 - 34% - 40% - 2:56
PK3 Forward
1 - 0% - 60%
2 - 0% - 40%
PK3 Defense
1 - 0% - 60%
2 - 0% - 40%
44 Forward
1 - 100% - 60% - 0:22
2 - 0% - 40% - 0:00
44 Defense
1 - 100% - 60% - 0:22
2 - 0% - 40% - 0:00
Last Minute Offensive - 0:00
Last Minute Defensive - 0:00
Total
Forward - 60:00
Defense - 60:00
|
Play by Play
1st period
0:01 of 1st period - Matt Duchene wins face-off versus Evgeny Grachev in neutral zone.
0:08 of 1st period - Wrist shot by Peter Schaefer.
0:08 of 1st period - Stopped by Corey Crawford without a rebound.
0:09 of 1st period - Matt Duchene wins face-off versus Evgeny Grachev in Carnivores zone.
0:10 of 1st period - Backhand shot by Peter Schaefer.
0:10 of 1st period - Stopped by Corey Crawford without a rebound.
0:11 of 1st period - Randy Robitaille wins face-off versus Jeremy Welsh in Carnivores zone.
0:16 of 1st period - Wrist shot by Brian Gionta.
0:16 of 1st period - Stopped by Corey Crawford with a rebound.
0:26 of 1st period - Wrist shot by Jeremy Welsh.
0:26 of 1st period - Stopped by Sergei Bobrovsky without a rebound.
0:27 of 1st period - Tommy Wingels wins face-off versus Anton Lander in Monarchs zone.
1:02 of 1st period - Slapshot by Brian Pothier.
1:02 of 1st period - Shot Hit the Post.
1:04 of 1st period - Snap shot by Trevor Lewis.
1:04 of 1st period - Shot Blocked by Chris Butler.
1:37 of 1st period - James Wisniewski is hit by Chris Lawrence.
1:43 of 1st period - Wrist shot by Randy Robitaille.
1:43 of 1st period - Stopped by Corey Crawford without a rebound.
1:44 of 1st period - Matt Duchene wins face-off versus Evgeny Grachev in Carnivores zone.
1:47 of 1st period - Wrist shot by Matt Duchene.
1:47 of 1st period - Stopped by Corey Crawford without a rebound.
1:48 of 1st period - Evgeny Grachev wins face-off versus Matt Duchene in Carnivores zone.
2:03 of 1st period - Snap shot by Peter Schaefer.
2:03 of 1st period - Shot Blocked by Tim Conboy.
2:12 of 1st period - Off-side.
2:13 of 1st period - Zack Smith wins face-off versus Tommy Wingels in neutral zone.
2:29 of 1st period - Slapshot by Brock Trotter.
2:29 of 1st period - Stopped by Corey Crawford without a rebound.
2:30 of 1st period - Anton Gustafsson wins face-off versus Randy Robitaille in Carnivores zone.
2:30 of 1st period - Anton Gustafsson is hit by Brian Gionta.
2:36 of 1st period - Slapshot by Andrew Ference.
2:36 of 1st period - Stopped by Sergei Bobrovsky with a rebound.
3:02 of 1st period - Tim Conboy is hit by Matt Duchene and loses puck.
3:17 of 1st period - Trevor Lewis is hit by Zack Smith and loses puck.
3:36 of 1st period - Colton Orr is hit by Tommy Wingels and loses puck.
3:59 of 1st period - Wrist shot by Matt Duchene.
3:59 of 1st period - Shot Misses the Net.
4:01 of 1st period - Slapshot by James Wisniewski.
4:01 of 1st period - Shot Misses the Net.
4:03 of 1st period - Slapshot by Kyle Wharton.
4:03 of 1st period - Stopped by Corey Crawford with a rebound.
4:05 of 1st period - Wrist shot by Matt Duchene.
4:05 of 1st period - Stopped by Corey Crawford with a rebound.
4:09 of 1st period - Wrist shot by Matt Duchene.
4:09 of 1st period - Stopped by Corey Crawford with a rebound.
5:32 of 1st period - Snap shot by Kyle Okposo.
5:32 of 1st period - Stopped by Corey Crawford with a rebound.
5:44 of 1st period - Chris Butler is hit by Matt Martin and loses puck.
5:51 of 1st period - Snap shot by Randy Robitaille.
5:51 of 1st period - Deflect By Brian Gionta.
5:51 of 1st period - Shot Blocked by Patrick McNeill.
5:51 of 1st period - Puck is out of play.
5:52 of 1st period - Randy Robitaille wins face-off versus Evgeny Grachev in Carnivores zone.
7:00 of 1st period - Slapshot by Bobby Sanguinetti.
7:00 of 1st period - Deflect By Zack Smith.
7:00 of 1st period - Stopped by Sergei Bobrovsky with a rebound.
7:06 of 1st period - Phil Oreskovic is hit by Frederic St-Denis and loses puck.
7:17 of 1st period - Snap shot by Tim Conboy.
7:17 of 1st period - Shot Blocked by John Moore.
7:19 of 1st period - Slapshot by Bobby Sanguinetti.
7:19 of 1st period - Shot Misses the Net.
7:43 of 1st period - Wrist shot by Matt Duchene.
7:43 of 1st period - Deflect By Peter Schaefer.
7:43 of 1st period - Stopped by Corey Crawford with a rebound.
7:49 of 1st period - James Wisniewski is hit by Lane MacDermid and loses puck.
8:26 of 1st period - Slapshot by Dwight King.
8:26 of 1st period - Stopped by Corey Crawford with a rebound.
8:28 of 1st period - Slapshot by Brian Pothier.
8:28 of 1st period - Stopped by Corey Crawford with a rebound.
8:30 of 1st period - Slapshot by Justin Schultz.
8:30 of 1st period - Stopped by Corey Crawford with a rebound.
8:32 of 1st period - Snap shot by Trevor Lewis.
8:32 of 1st period - Shot Hit the Post.
8:51 of 1st period - Wrist shot by Tim Conboy.
8:51 of 1st period - Goal by Tim Conboy - Carnivores : 1 - Monarchs : 0.
8:52 of 1st period - Matt Duchene wins face-off versus Evgeny Grachev in neutral zone.
9:46 of 1st period - Snap shot by Anton Lander.
9:46 of 1st period - Stopped by Sergei Bobrovsky with a rebound.
9:48 of 1st period - Wrist shot by Anton Lander.
9:48 of 1st period - Stopped by Sergei Bobrovsky with a rebound.
10:02 of 1st period - Brian Pothier is hit by Billy Sweat and loses puck.
10:22 of 1st period - Brian Pothier is hit by Andrew Ference and loses puck.
10:37 of 1st period - Backhand shot by Chris Lawrence.
10:37 of 1st period - Stopped by Sergei Bobrovsky with a rebound.
10:39 of 1st period - Snap shot by Anton Gustafsson.
10:39 of 1st period - Stopped by Sergei Bobrovsky with a rebound.
10:43 of 1st period - Wrist shot by Chris Lawrence.
10:43 of 1st period - Stopped by Sergei Bobrovsky without a rebound.
10:44 of 1st period - Billy Sweat wins face-off versus Matt Duchene in Monarchs zone.
10:59 of 1st period - Billy Sweat is hit by Kyle Okposo and loses puck.
11:10 of 1st period - Brian Gionta is hit by Anton Gustafsson and loses puck.
11:18 of 1st period - Icing by Randy Robitaille.
11:19 of 1st period - Randy Robitaille wins face-off versus Anton Lander in Monarchs zone.
11:19 of 1st period - Randy Robitaille is hit by Lane MacDermid.
11:22 of 1st period - Icing by Brian Gionta.
11:23 of 1st period - Randy Robitaille wins face-off versus Anton Lander in Monarchs zone.
11:40 of 1st period - James Wisniewski is hit by Colton Orr and loses puck.
11:51 of 1st period - Snap shot by Colton Orr.
11:51 of 1st period - Stopped by Sergei Bobrovsky with a rebound.
11:55 of 1st period - Wrist shot by Colton Orr.
11:55 of 1st period - Shot Misses the Net.
11:57 of 1st period - Snap shot by Phil Oreskovic.
11:57 of 1st period - Deflect By Colton Orr.
11:57 of 1st period - Shot Misses the Net.
11:57 of 1st period - Puck is out of play.
11:58 of 1st period - Evgeny Grachev wins face-off versus Matt Duchene in Monarchs zone.
12:02 of 1st period - Minor Penalty to Matt Duchene for Roughing.
12:03 of 1st period - Evgeny Grachev wins face-off versus Randy Robitaille in Monarchs zone.
12:07 of 1st period - Snap shot by Tim Conboy.
12:07 of 1st period - Goal by Tim Conboy - Carnivores : 2 - Monarchs : 0.
12:08 of 1st period - Evgeny Grachev wins face-off versus Matt Duchene in neutral zone.
12:23 of 1st period - Billy Sweat is hit by Alec Martinez and loses puck.
12:42 of 1st period - Slava Voynov is hit by Jeremy Welsh and loses puck.
13:03 of 1st period - Snap shot by Dwight King.
13:03 of 1st period - Stopped by Corey Crawford without a rebound.
13:04 of 1st period - Dwight King wins face-off versus Evgeny Grachev in Carnivores zone.
14:12 of 1st period - Ian Schultz is hit by Matt Martin and loses puck.
14:18 of 1st period - Icing by Oliver Ekman-Larsson.
14:19 of 1st period - Matt Duchene wins face-off versus Zack Smith in Carnivores zone.
14:51 of 1st period - Wrist shot by Randy Robitaille.
14:51 of 1st period - Stopped by Corey Crawford without a rebound.
14:52 of 1st period - Evgeny Grachev wins face-off versus Matt Duchene in Carnivores zone.
15:01 of 1st period - Wrist shot by Evgeny Grachev.
15:01 of 1st period - Stopped by Sergei Bobrovsky with a rebound.
15:17 of 1st period - Jeremy Welsh is hit by Randy Robitaille and loses puck.
15:33 of 1st period - Icing by Brian Gionta.
15:34 of 1st period - Anton Lander wins face-off versus Randy Robitaille in Monarchs zone.
15:55 of 1st period - Minor Penalty to Slava Voynov for High sticking.
15:56 of 1st period - Evgeny Grachev wins face-off versus Randy Robitaille in Monarchs zone.
15:59 of 1st period - Snap shot by Billy Sweat.
15:59 of 1st period - Shot Misses the Net.
16:01 of 1st period - Snap shot by Tim Conboy.
16:01 of 1st period - Stopped by Sergei Bobrovsky without a rebound.
16:02 of 1st period - Evgeny Grachev wins face-off versus Randy Robitaille in Monarchs zone.
16:35 of 1st period - Snap shot by Jeremy Welsh.
16:35 of 1st period - Deflect By Anton Gustafsson.
16:35 of 1st period - Shot Blocked by Randy Robitaille.
16:35 of 1st period - Puck is out of play.
16:36 of 1st period - Evgeny Grachev wins face-off versus Randy Robitaille in Monarchs zone.
17:07 of 1st period - Slapshot by Anton Gustafsson.
17:07 of 1st period - Shot Misses the Net.
17:09 of 1st period - Slapshot by Anton Gustafsson.
17:09 of 1st period - Stopped by Sergei Bobrovsky with a rebound.
17:11 of 1st period - Slapshot by Anton Gustafsson.
17:11 of 1st period - Deflect By Jeremy Welsh.
17:11 of 1st period - Stopped by Sergei Bobrovsky without a rebound.
17:12 of 1st period - Randy Robitaille wins face-off versus Evgeny Grachev in Monarchs zone.
17:39 of 1st period - Andrew Ference is hit by Tommy Wingels and loses puck.
17:47 of 1st period - Off-side.
17:48 of 1st period - Randy Robitaille wins face-off versus Anton Gustafsson in neutral zone.
17:55 of 1st period - Penalty to Slava Voynov is over, Slava Voynov is back on ice.
17:56 of 1st period - Off-side.
17:57 of 1st period - Tommy Wingels wins face-off versus Anton Gustafsson in neutral zone.
18:13 of 1st period - Off-side.
18:14 of 1st period - Evgeny Grachev wins face-off versus Matt Duchene in neutral zone.
18:29 of 1st period - Wrist shot by Matt Duchene.
18:29 of 1st period - Shot Misses the Net.
18:39 of 1st period - Randy Robitaille is hit by Oliver Ekman-Larsson and loses puck.
18:46 of 1st period - Slapshot by Randy Robitaille.
18:46 of 1st period - Shot Blocked by Anton Gustafsson.
19:06 of 1st period - Snap shot by Dwight King.
19:06 of 1st period - Shot Blocked by Oliver Ekman-Larsson.
19:08 of 1st period - Slapshot by Slava Voynov.
19:08 of 1st period - Deflect By Patrick Davis.
19:08 of 1st period - Shot Blocked by Oliver Ekman-Larsson.
19:08 of 1st period - Puck is out of play.
19:09 of 1st period - Matt Duchene wins face-off versus Evgeny Grachev in Carnivores zone.
19:19 of 1st period - Off-side.
19:20 of 1st period - Matt Duchene wins face-off versus Evgeny Grachev in neutral zone.
Goals for this period are 2 for Carnivores vs 0 for Monarchs .
Shots for this period are 15 for Carnivores vs 16 for Monarchs .
2nd period
0:01 of 2nd period - Evgeny Grachev wins face-off versus Kyle Okposo in neutral zone.
0:30 of 2nd period - Icing by Oliver Ekman-Larsson.
0:31 of 2nd period - Anton Gustafsson wins face-off versus Tommy Wingels in Carnivores zone.
1:06 of 2nd period - Snap shot by Peter Schaefer.
1:06 of 2nd period - Goal by Peter Schaefer - Carnivores : 2 - Monarchs : 1.
1:07 of 2nd period - Matt Duchene wins face-off versus Evgeny Grachev in neutral zone.
1:11 of 2nd period - Minor Penalty to Evgeny Grachev for Holding.
1:12 of 2nd period - Matt Duchene wins face-off versus Tim Conboy in Carnivores zone.
1:20 of 2nd period - Snap shot by Matt Duchene.
1:20 of 2nd period - Shot Blocked by Andrew Ference.
1:38 of 2nd period - Tim Conboy is hit by Matt Martin and loses puck.
3:10 of 2nd period - Billy Sweat is hit by Brian Pothier.
3:11 of 2nd period - Penalty to Evgeny Grachev is over, Evgeny Grachev is back on ice.
3:17 of 2nd period - Wrist shot by Billy Sweat.
3:17 of 2nd period - Shot Misses the Net.
3:19 of 2nd period - Snap shot by Tim Conboy.
3:19 of 2nd period - Shot Misses the Net.
3:21 of 2nd period - Snap shot by Evgeny Grachev.
3:21 of 2nd period - Shot Misses the Net.
3:23 of 2nd period - Snap shot by Tim Conboy.
3:23 of 2nd period - Shot Misses the Net.
3:25 of 2nd period - Snap shot by Billy Sweat.
3:25 of 2nd period - Shot Misses the Net.
3:27 of 2nd period - Wrist shot by Billy Sweat.
3:27 of 2nd period - Stopped by Sergei Bobrovsky with a rebound.
3:29 of 2nd period - Slapshot by Evgeny Grachev.
3:29 of 2nd period - Shot Misses the Net.
3:31 of 2nd period - Wrist shot by Billy Sweat.
3:31 of 2nd period - Stopped by Sergei Bobrovsky with a rebound.
3:33 of 2nd period - Snap shot by Tim Conboy.
3:33 of 2nd period - Shot Blocked by Brian Pothier.
3:35 of 2nd period - Snap shot by Evgeny Grachev.
3:35 of 2nd period - Stopped by Sergei Bobrovsky with a rebound.
4:01 of 2nd period - Brian Pothier is hit by Billy Sweat and loses puck.
4:12 of 2nd period - Slapshot by Brian Pothier.
4:12 of 2nd period - Shot Misses the Net.
4:26 of 2nd period - Snap shot by Brock Trotter.
4:26 of 2nd period - Stopped by Corey Crawford without a rebound.
4:27 of 2nd period - Matt Duchene wins face-off versus Anton Gustafsson in Carnivores zone.
4:37 of 2nd period - Kyle Okposo is hit by Jeremy Welsh and loses puck.
4:52 of 2nd period - Anton Lander is hit by Brian Gionta.
5:00 of 2nd period - Bobby Sanguinetti is hit by Brian Gionta and loses puck.
6:04 of 2nd period - Snap shot by Marc-André Bernier.
6:04 of 2nd period - Shot Blocked by Oliver Ekman-Larsson.
6:06 of 2nd period - Snap shot by Tommy Wingels.
6:06 of 2nd period - Shot Misses the Net.
7:15 of 2nd period - Bobby Sanguinetti is hit by Dwight King.
8:34 of 2nd period - Evgeny Grachev is hit by Dwight King.
8:44 of 2nd period - Chris Lawrence is hit by Marc-André Bernier and loses puck.
9:03 of 2nd period - Minor Penalty to Peter Schaefer for High sticking.
9:04 of 2nd period - Evgeny Grachev wins face-off versus Randy Robitaille in Monarchs zone.
9:31 of 2nd period - Oliver Ekman-Larsson is hit by James Wisniewski and loses puck.
9:40 of 2nd period - Snap shot by Anton Gustafsson.
9:40 of 2nd period - Shot Misses the Net.
11:03 of 2nd period - Penalty to Peter Schaefer is over, Peter Schaefer is back on ice.
11:56 of 2nd period - Off-side.
11:57 of 2nd period - Trevor Lewis wins face-off versus Zack Smith in neutral zone.
12:43 of 2nd period - Icing by Jeremy Welsh.
12:44 of 2nd period - Tommy Wingels wins face-off versus Anton Gustafsson in Carnivores zone.
13:24 of 2nd period - Wrist shot by Chris Lawrence.
13:24 of 2nd period - Stopped by Sergei Bobrovsky with a rebound.
13:34 of 2nd period - Snap shot by Anton Gustafsson.
13:34 of 2nd period - Stopped by Sergei Bobrovsky with a rebound.
13:38 of 2nd period - Snap shot by Chris Lawrence.
13:38 of 2nd period - Stopped by Sergei Bobrovsky with a rebound.
13:40 of 2nd period - Snap shot by Anton Gustafsson.
13:40 of 2nd period - Goal by Anton Gustafsson - Carnivores : 3 - Monarchs : 1.
13:41 of 2nd period - Randy Robitaille wins face-off versus Evgeny Grachev in neutral zone.
13:54 of 2nd period - Wrist shot by Brian Gionta.
13:54 of 2nd period - Goal by Brian Gionta - Carnivores : 3 - Monarchs : 2.
13:55 of 2nd period - Evgeny Grachev wins face-off versus Matt Duchene in neutral zone.
15:02 of 2nd period - Alec Martinez is hit by Ian Schultz and loses puck.
15:28 of 2nd period - Wrist shot by Tim Conboy.
15:28 of 2nd period - Shot Misses the Net.
15:47 of 2nd period - Slapshot by Chris Lawrence.
15:47 of 2nd period - Deflect By Jeremy Welsh.
15:47 of 2nd period - Goal by Jeremy Welsh - Carnivores : 4 - Monarchs : 2.
15:47 of 2nd period - Peter Budaj enters game.
15:48 of 2nd period - Tim Conboy wins face-off versus Peter Schaefer in neutral zone.
15:51 of 2nd period - Slapshot by Oliver Ekman-Larsson.
15:51 of 2nd period - Stopped by Peter Budaj with a rebound.
16:03 of 2nd period - Snap shot by Matt Duchene.
16:03 of 2nd period - Shot Misses the Net.
16:44 of 2nd period - Snap shot by Anton Lander.
16:44 of 2nd period - Stopped by Peter Budaj without a rebound.
16:45 of 2nd period - Evgeny Grachev wins face-off versus Matt Duchene in Monarchs zone.
17:15 of 2nd period - Brock Trotter is hit by Evgeny Grachev and loses puck.
17:22 of 2nd period - Snap shot by Brian Pothier.
17:22 of 2nd period - Stopped by Corey Crawford with a rebound.
18:34 of 2nd period - James Wisniewski is hit by Lane MacDermid and loses puck.
18:47 of 2nd period - Slapshot by James Wisniewski.
18:47 of 2nd period - Stopped by Corey Crawford with a rebound.
18:51 of 2nd period - Wrist shot by Randy Robitaille.
18:51 of 2nd period - Shot Misses the Net.
18:53 of 2nd period - Snap shot by Randy Robitaille.
18:53 of 2nd period - Shot Misses the Net.
18:55 of 2nd period - Snap shot by Brian Gionta.
18:55 of 2nd period - Stopped by Corey Crawford with a rebound.
18:57 of 2nd period - Wrist shot by Matt Martin.
18:57 of 2nd period - Stopped by Corey Crawford with a rebound.
Goals for this period are 2 for Carnivores vs 2 for Monarchs .
Shots for this period are 10 for Carnivores vs 7 for Monarchs .
3rd period
0:01 of 3rd period - Matt Duchene wins face-off versus Evgeny Grachev in neutral zone.
0:26 of 3rd period - Anton Gustafsson is hit by Justin Schultz and loses puck.
0:58 of 3rd period - Snap shot by Anton Lander.
0:58 of 3rd period - Stopped by Peter Budaj without a rebound.
0:59 of 3rd period - Matt Duchene wins face-off versus Evgeny Grachev in Monarchs zone.
0:59 of 3rd period - Matt Duchene is hit by Oliver Ekman-Larsson.
1:30 of 3rd period - Wrist shot by Randy Robitaille.
1:30 of 3rd period - Shot Hit the Post.
2:42 of 3rd period - Wrist shot by Zack Smith.
2:42 of 3rd period - Shot Misses the Net.
2:44 of 3rd period - Slapshot by Phil Oreskovic.
2:44 of 3rd period - Stopped by Peter Budaj with a rebound.
2:46 of 3rd period - Snap shot by Ian Schultz.
2:46 of 3rd period - Shot Misses the Net.
2:48 of 3rd period - Slapshot by Phil Oreskovic.
2:48 of 3rd period - Shot Misses the Net.
2:50 of 3rd period - Wrist shot by Ian Schultz.
2:50 of 3rd period - Shot Blocked by Matt Martin.
2:52 of 3rd period - Wrist shot by Phil Oreskovic.
2:52 of 3rd period - Stopped by Peter Budaj with a rebound.
2:54 of 3rd period - Slapshot by Bobby Sanguinetti.
2:54 of 3rd period - Deflect By Zack Smith.
2:54 of 3rd period - Shot Misses the Net.
2:54 of 3rd period - Puck is out of play.
2:55 of 3rd period - Matt Duchene wins face-off versus Evgeny Grachev in Monarchs zone.
3:11 of 3rd period - Snap shot by Tim Conboy.
3:11 of 3rd period - Shot Misses the Net.
3:32 of 3rd period - Minor Penalty to Brock Trotter for Roughing.
3:33 of 3rd period - Evgeny Grachev wins face-off versus Randy Robitaille in Monarchs zone.
3:43 of 3rd period - Slapshot by Billy Sweat.
3:43 of 3rd period - Shot Blocked by Brian Pothier.
3:45 of 3rd period - Snap shot by Evgeny Grachev.
3:45 of 3rd period - Deflect By Tim Conboy.
3:45 of 3rd period - Stopped by Peter Budaj without a rebound.
3:46 of 3rd period - Evgeny Grachev wins face-off versus Randy Robitaille in Monarchs zone.
4:55 of 3rd period - Slapshot by Brian Gionta.
4:55 of 3rd period - Shot Misses the Net.
5:04 of 3rd period - Icing by Billy Sweat.
5:05 of 3rd period - Evgeny Grachev wins face-off versus Randy Robitaille in Carnivores zone.
5:18 of 3rd period - Snap shot by Colton Orr.
5:18 of 3rd period - Stopped by Peter Budaj with a rebound.
5:20 of 3rd period - Slapshot by Colton Orr.
5:20 of 3rd period - Deflect By Jeremy Welsh.
5:20 of 3rd period - Stopped by Peter Budaj with a rebound.
5:22 of 3rd period - Snap shot by Bobby Sanguinetti.
5:22 of 3rd period - Shot Blocked by Peter Schaefer.
5:32 of 3rd period - Penalty to Brock Trotter is over, Brock Trotter is back on ice.
5:49 of 3rd period - Off-side.
5:50 of 3rd period - Lane MacDermid wins face-off versus Trevor Lewis in neutral zone.
6:06 of 3rd period - Snap shot by Trevor Lewis.
6:06 of 3rd period - Goal by Trevor Lewis - Carnivores : 4 - Monarchs : 3.
6:07 of 3rd period - Brock Trotter wins face-off versus Evgeny Grachev in neutral zone.
6:14 of 3rd period - Backhand shot by Brock Trotter.
6:14 of 3rd period - Shot Misses the Net.
6:16 of 3rd period - Slapshot by Brian Pothier.
6:16 of 3rd period - Deflect By Brock Trotter.
6:16 of 3rd period - Shot Misses the Net.
6:16 of 3rd period - Puck is out of play.
6:17 of 3rd period - Tim Conboy wins face-off versus Tommy Wingels in Carnivores zone.
6:19 of 3rd period - Minor Penalty to Oliver Ekman-Larsson for Hooking.
6:20 of 3rd period - Matt Duchene wins face-off versus Tim Conboy in Carnivores zone.
6:24 of 3rd period - Wrist shot by Brian Gionta.
6:24 of 3rd period - Stopped by Corey Crawford without a rebound.
6:25 of 3rd period - Matt Duchene wins face-off versus Tim Conboy in Carnivores zone.
6:26 of 3rd period - Snap shot by Kyle Okposo.
6:26 of 3rd period - Shot Misses the Net.
6:28 of 3rd period - Wrist shot by Matt Duchene.
6:28 of 3rd period - Deflect By Kyle Okposo.
6:28 of 3rd period - Goal by Kyle Okposo - Carnivores : 4 - Monarchs : 4.
6:29 of 3rd period - Matt Duchene wins face-off versus Billy Sweat in neutral zone.
6:48 of 3rd period - Minor Penalty to Justin Schultz for Interference.
6:49 of 3rd period - Randy Robitaille wins face-off versus Evgeny Grachev in Monarchs zone.
7:01 of 3rd period - Slapshot by Oliver Ekman-Larsson.
7:01 of 3rd period - Shot Misses the Net.
7:03 of 3rd period - Snap shot by Evgeny Grachev.
7:03 of 3rd period - Deflect By Tim Conboy.
7:03 of 3rd period - Shot Blocked by Randy Robitaille.
7:03 of 3rd period - Puck is out of play.
7:04 of 3rd period - Randy Robitaille wins face-off versus Evgeny Grachev in Monarchs zone.
7:42 of 3rd period - Backhand shot by David Clarkson.
7:42 of 3rd period - Stopped by Corey Crawford without a rebound.
7:43 of 3rd period - David Clarkson wins face-off versus Anton Gustafsson in Carnivores zone.
7:44 of 3rd period - Snap shot by Tommy Wingels.
7:44 of 3rd period - Deflect By David Clarkson.
7:44 of 3rd period - Stopped by Corey Crawford with a rebound.
8:08 of 3rd period - Phil Oreskovic is hit by Peter Schaefer and loses puck.
8:13 of 3rd period - Snap shot by Peter Schaefer.
8:13 of 3rd period - Stopped by Corey Crawford without a rebound.
8:14 of 3rd period - Evgeny Grachev wins face-off versus Randy Robitaille in Carnivores zone.
8:40 of 3rd period - Colton Orr is hit by Brian Pothier and loses puck.
8:48 of 3rd period - Penalty to Justin Schultz is over, Justin Schultz is back on ice.
8:55 of 3rd period - Wrist shot by David Clarkson.
8:55 of 3rd period - Shot Misses the Net.
8:59 of 3rd period - Slapshot by Tommy Wingels.
8:59 of 3rd period - Deflect By David Clarkson.
8:59 of 3rd period - Stopped by Corey Crawford with a rebound.
9:01 of 3rd period - Wrist shot by Tommy Wingels.
9:01 of 3rd period - Shot Blocked by Oliver Ekman-Larsson.
9:03 of 3rd period - Slapshot by Tommy Wingels.
9:03 of 3rd period - Shot Misses the Net.
9:05 of 3rd period - Wrist shot by Tommy Wingels.
9:05 of 3rd period - Stopped by Corey Crawford without a rebound.
9:06 of 3rd period - Matt Duchene wins face-off versus Evgeny Grachev in Carnivores zone.
9:21 of 3rd period - Snap shot by Tim Conboy.
9:21 of 3rd period - Shot Misses the Net.
9:46 of 3rd period - Minor Penalty to Matt Martin for Hooking.
9:47 of 3rd period - Randy Robitaille wins face-off versus Evgeny Grachev in Monarchs zone.
10:20 of 3rd period - Wrist shot by Colton Orr.
10:20 of 3rd period - Deflect By Jeremy Welsh.
10:20 of 3rd period - Goal by Jeremy Welsh - Carnivores : 5 - Monarchs : 4.
10:21 of 3rd period - Matt Duchene wins face-off versus Evgeny Grachev in neutral zone.
10:21 of 3rd period - Peter Schaefer is hit by Tim Conboy and loses puck.
10:28 of 3rd period - Snap shot by Evgeny Grachev.
10:28 of 3rd period - Deflect By Billy Sweat.
10:28 of 3rd period - Shot Misses the Net.
10:28 of 3rd period - Puck is out of play.
10:29 of 3rd period - Matt Duchene wins face-off versus Evgeny Grachev in Monarchs zone.
10:29 of 3rd period - Matt Duchene is hit by Billy Sweat.
10:34 of 3rd period - Minor Penalty to Oliver Ekman-Larsson for Roughing.
10:35 of 3rd period - Tim Conboy wins face-off versus Matt Duchene in Carnivores zone.
10:35 of 3rd period - Tim Conboy is hit by Matt Duchene.
12:34 of 3rd period - Penalty to Oliver Ekman-Larsson is over, Oliver Ekman-Larsson is back on ice.
13:18 of 3rd period - Off-side.
13:19 of 3rd period - Matt Duchene wins face-off versus Evgeny Grachev in neutral zone.
13:21 of 3rd period - Off-side.
13:22 of 3rd period - Evgeny Grachev wins face-off versus Matt Duchene in neutral zone.
13:52 of 3rd period - Off-side.
13:53 of 3rd period - Randy Robitaille wins face-off versus Anton Gustafsson in neutral zone.
13:56 of 3rd period - Slapshot by Brian Gionta.
13:56 of 3rd period - Stopped by Corey Crawford with a rebound.
13:58 of 3rd period - Minor Penalty to Chris Lawrence for High sticking.
13:59 of 3rd period - Matt Duchene wins face-off versus Tim Conboy in Carnivores zone.
14:33 of 3rd period - Off-side.
14:34 of 3rd period - Lane MacDermid wins face-off versus Matt Martin in neutral zone.
15:58 of 3rd period - Penalty to Chris Lawrence is over, Chris Lawrence is back on ice.
16:04 of 3rd period - Marc-André Bernier is hit by Oliver Ekman-Larsson and loses puck.
17:19 of 3rd period - Jeremy Welsh is hit by Peter Schaefer and loses puck.
17:35 of 3rd period - Icing by Zack Smith.
17:36 of 3rd period - Trevor Lewis wins face-off versus Anton Gustafsson in Carnivores zone.
17:55 of 3rd period - Slapshot by Brian Pothier.
17:55 of 3rd period - Deflect By Tim Conboy.
17:55 of 3rd period - Stopped by Corey Crawford without a rebound.
17:56 of 3rd period - Evgeny Grachev wins face-off versus Tommy Wingels in Carnivores zone.
17:58 of 3rd period - Minor Penalty to Andrew Ference for Hooking.
17:59 of 3rd period - Tim Conboy wins face-off versus Matt Duchene in Carnivores zone.
18:05 of 3rd period - Matt Duchene is hit by Tim Conboy and loses puck.
19:35 of 3rd period - Minor Penalty to Slava Voynov for Hooking.
19:36 of 3rd period - Tim Conboy wins face-off versus Randy Robitaille in Monarchs zone.
19:40 of 3rd period - Snap shot by Colton Orr.
19:40 of 3rd period - Shot Blocked by Randy Robitaille.
19:58 of 3rd period - Penalty to Andrew Ference is over, Andrew Ference is back on ice.
Goals for this period are 1 for Carnivores vs 2 for Monarchs .
Shots for this period are 7 for Carnivores vs 10 for Monarchs .
Output by the SimonT Hockey Simulator (STHS) for François Prévost -- Original Page W3C XHTML 1.0 Valid